 Dungeon Crawl Stone Soup version 0.22.0-21-g8bd1b0a76a (webtiles) character file.

3130 Flugkiller the Fighter (level 9, -9/117 HPs)
             Began as an Ogre Transmuter on Aug 19, 2018.
             Was a Priest of Ru.
             Mangled by a minotaur
             ... wielding a +0 eveningstar of draining
              (33 damage)
             ... in a labyrinth.
             The game lasted 00:17:36 (12863 turns).

Flugkiller the Fighter (Ogre Transmuter)           Turns: 12863, Time: 00:17:37

Health: -9/117     AC:  6    Str: 16    XL:     9   Next: 92%
Magic:  26/26      EV: 12    Int: 14    God:    Ru [***...]
Gold:   384        SH:  0    Dex: 12    Spells: 9/19 levels left

rFire    x . .     SeeInvis .     - Unarmed
rCold    + + +     Gourm    .   (shield currently unavailable)
rNeg     . . .     Faith    .   (armour currently unavailable)
rPois    +         Spirit   .   (helmet currently unavailable)
rElec    .         Reflect  .   (cloak currently unavailable)
rCorr    .         Harm     .   (gloves unavailable)
MR       .....                  (boots unavailable)
Stlth    +.........             (no amulet)
HPRegen  0.29/turn              r - ring of magical power
MPRegen  0.20/turn              (no ring)

@: exhausted, ice-form, drained
A: large, unfitting armour, magic vulnerability 1, inexperienced 1
a: End Transformation, Draw Out Power, Renounce Religion


You were in a labyrinth.
You worshipped Ru.
Ru was most pleased with you.
You were not hungry.
You were a creature of crystalline ice.
You visited 3 branches of the dungeon, and saw 11 of its levels.
You also visited: Labyrinth.

You collected 384 gold pieces.

Inventory:

Missiles
 a - 118 arrows
Armour
 b - a +1 robe (melded)
 j - a +0 shield
 m - a +0 large shield
Jewellery
 g - an uncursed ring of fire
 q - an uncursed amulet of rage
 r - a ring of magical power (left front paw)
Wands
 u - a wand of polymorph (14)
 x - a wand of iceblast (15)
 y - a wand of digging (20)
 A - a wand of paralysis (15)
 E - a wand of disintegration (16)
 F - a wand of clouds (3)
 I - a wand of enslavement (9)
Scrolls
 c - 4 scrolls of teleportation
 e - 2 scrolls of fear
 k - 3 scrolls of amnesia
 l - a scroll of blinking
 n - 3 scrolls of enchant armour
 o - 8 scrolls of remove curse
 t - a scroll of magic mapping
Potions
 f - 3 potions of flight
 h - 2 potions of haste
 i - 2 potions of berserk rage
 p - 2 potions of mutation
 s - 2 potions of curing
 w - a potion of brilliance {unknown}
 B - 2 potions of cancellation
 D - 2 potions of invisibility
 H - a potion of agility {unknown}
 L - a potion of might {unknown}
Comestibles
 d - 15 rations


   Skills:
 - Level 9.0(7.9) Fighting
 + Level 6.1(5.1) Dodging
 + Level 8.3(7.3) Unarmed Combat
 - Level 5.7(4.7) Spellcasting
 - Level 6.1(5.1) Transmutations
 - Level 6.1(5.0) Ice Magic
 - Level 1.0(0.1) Poison Magic
 + Level 1.9(1.0) Evocations


You had 9 spell levels left.
You knew the following spells:

 Your Spells              Type           Power        Failure   Level  Hunger
a - Beastly Appendage     Tmut           ###...       2%          1    None
b - Sticks to Snakes      Tmut           ###.....     3%          2    ##.....
c - Spider Form           Tmut/Pois      ##........   19%         3    ###....
d - Ice Form              Ice/Tmut       ###.....     22%         4    ####...

Your spell library contained the following spells:

 Spells                   Type           Power        Failure   Level  Hunger
 Sting                    Conj/Pois      #...         19%         1    None
 Poisonous Vapours        Pois/Air       #.....       26%         2    ##.....
 Mephitic Cloud           Conj/Pois/Air  #.......     47%         3    ###....
 Blade Hands              Tmut           ###.......   52%         5    ######.
 Olgreb's Toxic Radiance  Pois           #.......     86%         4    ####...
 Venom Bolt               Conj/Pois      #.........   99%         5    ######.


Dungeon Overview and Level Annotations

Branches:
Dungeon (8/15)             Temple (1/1) D:5            Lair (2/6) D:8
  Swamp: Lair:2-4    Shoals: Lair:2-4     Snake: Lair:2-4    Spider: Lair:2-4

Altars:
Ashenzari
Cheibriados
Dithmenos
Elyvilon
Fedhas
Gozag
Hepliaklqana
Kikubaaqudgha
Makhleb
Nemelex Xobeh
Okawaru
Qazlal
Ru
Sif Muna
Trog
Uskayaw
Vehumet
Wu Jian
Xom
Yredelemnul
Zin
The Shining One

Shops:
D:6 ![(

Annotations:
D:4 2 transporters, Petkus's ghost, amateur GrGl
D:5 1 runed door, tidbits's ghost, amateur GnWn
D:8 exclusions: centaur and 1 more exclusion
Lair:1 2 runed doors, Elric's ghost, journeyman GnWn


Innate Abilities, Weirdness & Mutations

You are too large for most types of armour.
((You have tough skin. (AC +1)))
You are slightly vulnerable to magic. (MR-)
You are somewhat inexperienced. (-2 XL)


Message History

Evoke which item? (* to show all) (? for menu, Esc to quit)
Aiming: Cloud Cone
Press: ? - help, Dir - move target cursor, f/p - minotaur
Aim: a minotaur, wielding an eveningstar of draining, wearing a crude ring mail and wearing a scratched glass ring (moderately wounded)
You create a blast of poison gas!
The minotaur is poisoned.
The minotaur throws a javelin.
The javelin hits you!
You feel much better.
The minotaur is engulfed in poison gas.
The minotaur looks even sicker.
The minotaur hits you with an eveningstar of draining!!!
* * * LOW HITPOINT WARNING * * *
You feel drained.
* * * LOW HITPOINT WARNING * * *
The minotaur gores you!
* * * LOW HITPOINT WARNING * * *
You see here a javelin.
You are restored by drawing out deep reserves of power within.
You feel drained.
The minotaur is engulfed in poison gas.
The minotaur looks as sick as possible!
The minotaur hits you with an eveningstar of draining!!
You die...

###### #
#.... #
#.#####.#
#.# .#
#.# .# #
# #.# H#.
.. #. #.#
.#.# .#.
#Y###.#.#
.
.#.H.(.#
# ###
####### #
# .#
#.....
.......
.# #.#
#..## .#
#. # # .
#. . . #
#. .## ##
# ..#.. .
###.###
## # #


You could see a minotaur.

Vanquished Creatures
  A hydra (Lair:1)
  A two-headed ogre (D:7)
  An unseen horror (D:8)
  Pikel (D:5)
  A black mamba (Lair:2)
  A spiny frog (Lair:1)
  A hippogriff (D:8)
  A spriggan (D:7)
  8 yaks
  A basilisk (Lair:1)
  A hungry ghost (D:7)
  3 water moccasins
  A porcupine (Lair:1)
  A slave (D:4)
  A sky beast (D:6)
  An ice beast (D:7)
  2 ogres
  A phantom (D:6)
  A centaur (D:6)
  6 crocodiles
  A bullfrog (D:6)
  A wyvern zombie (D:8)
  2 howler monkeys
  4 crimson imps
  A quasit (D:8)
  2 bullfrog zombies (D:5)
  A hound (D:4)
  2 orc wizards
  3 orc priests
  A bullfrog skeleton (D:6)
  A worker ant (D:8)
  An iguana (D:7)
  A hound zombie (D:5)
  A howler monkey zombie (D:8)
  6 adders
  A river rat (Lair:1)
  2 shadow imps
  An ooze (D:4)
  2 adder skeletons
  An adder zombie (D:7)
  4 leopard geckos
  32 orcs
  5 giant cockroaches
  6 goblins
  6 hobgoblins
  14 jackals
  7 quokkas
  8 bats
  A frilled lizard (D:3)
  A jackal skeleton (D:8)
  4 kobolds
  5 rats
163 creatures vanquished.

Vanquished Creatures (collateral kills)
  A worker ant (D:2)
  An adder (D:2)
  A goblin (D:2)
  A hobgoblin (D:2)
4 creatures vanquished.

Vanquished Creatures (others)
  A komodo dragon (Lair:2)
  2 fungi (Lair:1)
3 creatures vanquished.

Grand Total: 170 creatures vanquished

Notes
Turn   | Place    | Note
-------+----------+-------------------------------------------
     0 | D:1      | Flugkiller the Ogre Transmuter began the quest for the Orb.
     0 | D:1      | Reached XP level 1. HP: 19/19 MP: 3/3
   248 | D:1      | Reached skill level 2 in Fighting
   445 | D:1      | Reached XP level 2. HP: 26/28 MP: 3/5
  1232 | D:2      | Learned a level 2 spell: Sticks to Snakes
  1245 | D:2      | Reached skill level 3 in Fighting
  1580 | D:2      | Reached XP level 3. HP: 32/37 MP: 4/6
  2117 | D:2      | Reached XP level 4. HP: 22/45 MP: 0/7
  2122 | D:2      | Learned a level 3 spell: Spider Form
  2911 | D:3      | Reached skill level 1 in Poison Magic
  3084 | D:3      | HP: 1/45 [orc priest/falchion of electrocution (15)]
  3085 | D:3      | Reached XP level 5. HP: 1/53 MP: 5/8
  3875 | D:3      | Found a glowing golden altar of the Shining One.
  3877 | D:3      | Found a glowing silver altar of Zin.
  4167 | D:4      | Found a blossoming altar of Fedhas.
  4389 | D:4      | Found a hide-covered altar of Uskayaw.
  4513 | D:4      | Found a hazy altar of Hepliaklqana.
  4753 | D:4      | Found a transporter.
  4753 | D:4      | Noticed Petkus's ghost (amateur GrGl)
  4753 | D:4      | Noticed an ogre
  4755 | D:4      | Noticed an ogre
  4764 | D:4      | Found a transporter.
  4847 | D:5      | Entered Level 5 of the Dungeon
  4856 | D:5      | Noticed a slave
  4857 | D:5      | Noticed a slave
  4860 | D:5      | Noticed a slave
  5318 | D:5      | Reached skill level 4 in Fighting
  5322 | D:5      | Reached XP level 6. HP: 54/62 MP: 9/9
  5351 | D:4      | Killed a slave
  5612 | D:5      | Found a runed door.
  5615 | D:5      | Noticed tidbits's ghost (amateur GnWn)
  5920 | D:5      | Found a staircase to the Ecumenical Temple.
  5943 | D:5      | Noticed Pikel
  5964 | D:5      | Killed Pikel
  5964 | D:5      | Reached skill level 5 in Fighting
  5964 | D:5      | Reached skill level 5 in Unarmed Combat
  5964 | D:5      | Reached XP level 7. HP: 40/74 MP: 10/10
  6031 | Temple   | Entered the Ecumenical Temple
  6252 | Temple   | Became a worshipper of Ru the Awakened
  6479 | D:5      | Reached XP level 8. HP: 78/83 MP: 11/11
  6611 | D:5      | Learned a level 4 spell: Ice Form
  6655 | D:6      | Reached skill level 6 in Fighting
  6700 | D:6      | Found Oluggosa's Distillery.
  6871 | D:6      | Found Gujyditt's Antique Weapon Emporium.
  6890 | D:6      | Found Kynoquw's Antique Armour Shoppe.
  7028 | D:6      | Found an ancient bone altar of Kikubaaqudgha.
  7529 | D:7      | Reached skill level 7 in Fighting
  7558 | D:7      | Gained mutation: You are slightly vulnerable to magic. (MR-) [Ru sacrifice]
  7558 | D:7      | Reached * piety under Ru
  7687 | D:7      | Noticed a spriggan baker
  7703 | D:7      | Killed a spriggan baker
  7703 | D:7      | Reached skill level 5 in Dodging
  7703 | D:7      | Reached XP level 9. HP: 40/93 MP: 12/12
  8078 | D:7      | Found a white marble altar of Elyvilon.
  8317 | D:8      | Found a staircase to the Lair.
  8350 | D:8      | Reached skill level 1 in Ice Magic
  8827 | D:8      | Found a bloodstained altar of Trog.
  9126 | D:8      | Noticed a two-headed ogre
  9668 | D:8      | Killed an unseen horror
 10217 | D:7      | Killed a two-headed ogre
 10217 | D:7      | Reached skill level 5 in Spellcasting
 10217 | D:7      | Reached skill level 5 in Transmutations
 10217 | D:7      | Reached XP level 10. HP: 71/104 MP: 18/18
 10666 | Lair:1   | Entered Level 1 of the Lair of Beasts
 10723 | Lair:1   | Found a large runed door.
 10723 | Lair:1   | Found a large runed door.
 10730 | Lair:1   | Noticed Elric's ghost (journeyman GnWn)
 10928 | Lair:1   | Noticed an eight-headed hydra
 10952 | Lair:1   | Killed an eight-headed hydra
 10952 | Lair:1   | Reached skill level 5 in Ice Magic
 11584 | Lair:1   | Gained mutation: You are somewhat inexperienced. (-2 XL) [Ru sacrifice]
 11584 | Lair:1   | Reached XP level 9. HP: 96/96 MP: 26/26
 11584 | Lair:1   | Reached XP level 8. HP: 88/88 MP: 25/25
 11584 | Lair:1   | Reached ** piety under Ru
 11584 | Lair:1   | Reached *** piety under Ru
 11687 | Lair:1   | Noticed a spiny frog
 11697 | Lair:1   | Killed a spiny frog
 11697 | Lair:1   | Reached skill level 8 in Fighting
 11697 | Lair:1   | Reached XP level 9. HP: 83/96 MP: 15/17
 12425 | Lair:2   | Noticed a black mamba
 12434 | Lair:2   | Killed a black mamba
 12449 | Lair:2   | Reached skill level 1 in Evocations
 12492 | Lair:2   | Noticed a komodo dragon
 12499 | Lair:2   | Killed a komodo dragon
 12503 | Lair:2   | Reached skill level 9 in Fighting
 12520 | Lair:2   | Found a labyrinth entrance.
 12529 | Lab      | Entered a labyrinth
 12851 | Lab      | Noticed a minotaur
 12862 | Lab      | HP: 4/117 [minotaur/eveningstar of draining (13)]
 12863 | Lab      | Mangled by a minotaur

Skill      XL: |  1  2  3  4  5  6  7  8  9 10 |
---------------+-------------------------------+-----
Fighting       | 2 3 4 5 8 9 |  9.0
Unarmed Combat | 3 4 5 7 8 |  8.3
Transmutations | 2 3 5 6 |  6.1
Poison Magic   | 1 |  1.0
Dodging        | 2 3 5 6 |  6.1
Spellcasting   | 5 |  5.7
Ice Magic      | 4 6 |  6.1
Evocations     | 1 |  1.9

Action                   |  1- 3 |  4- 6 |  7- 9 | 10-12 || total
-------------------------+-------+-------+-------+-------++-------
Melee: Unarmed           |    96 |   219 |   270 |    51 ||   636
       Kick              |     8 |     4 |       |       ||    12
       Punch             |     2 |       |     1 |       ||     3
       Headbutt          |     1 |       |       |       ||     1
 Cast: Beastly Appendage |    17 |     8 |       |       ||    25
       Sticks to Snakes  |     4 |       |       |       ||     4
       Spider Form       |       |    19 |    37 |     2 ||    58
       Ice Form          |       |       |     6 |     2 ||     8
Invok: Sacrifice Essence |       |       |     1 |       ||     1
       Sacrifice Experie |       |       |     1 |       ||     1
       Draw Out Power    |       |       |     1 |       ||     1
Evoke: Wand              |       |       |     3 |     4 ||     7
  Use: Scroll            |       |    15 |    10 |       ||    25
       Potion            |       |     1 |     2 |       ||     3
 Stab: Distracted        |     1 |       |       |       ||     1
       Sleeping          |       |       |     1 |       ||     1
  Eat: Chunk             |     4 |     9 |    18 |       ||    31
       Ration            |       |     2 |     3 |     1 ||     6
Armor: Robe              |    23 |    27 |     8 |     3 ||    61
       Skin              |       |     7 |    12 |     6 ||    25
Dodge: Dodged            |    56 |   188 |   177 |    29 ||   450
